 Dungeon Crawl Stone Soup version 0.29-a0-993-g4a18f31a58 (webtiles) character file.

Game seed: 8329061827833925376

981 greasedhog the Stinger (level 8, 0/48 HPs)
             Began as a Gargoyle Venom Mage on Aug 3, 2022.
             Slain by an ufetubus (4 damage)
             ... on level 5 of the Dungeon.
             The game lasted 00:14:54 (6917 turns).

greasedhog the Stinger (Gargoyle Venom Mage)        Turns: 6917, Time: 00:14:54

Health: 0/48       AC: 11    Str: 13    XL:     8   Next: 17%
Magic:  11/15      EV: 11    Int: 17    God:
Gold:   275        SH:  3    Dex: 10    Spells: 5/17 levels left

rFire   . . .      SeeInvis .   n - +1 dagger (venom)
rCold   + . .      Faith    .   c - +0 buckler
rNeg    + . .      Spirit   .   a - +0 robe
rPois   ∞          Reflect  .   (no helmet)
rElec   +          Harm     .   e - +0 cloak
rCorr   .          Rampage  .   j - +2 pair of gloves
Will    .....                   (no boots)
Stlth   +++.......              (no amulet)
HPRegen 0.16/turn               h - ring of protection from cold
MPRegen 0.14/turn               (no ring)

@: about to teleport
A: sickness immunity, AC +5, negative energy resistance 1, electricity
resistance, torment resistance 1, petrification resistance
a: no special abilities


You were on level 5 of the Dungeon.
You visited 1 branch of the dungeon, and saw 5 of its levels.

You collected 275 gold pieces.

Inventory:

Hand Weapons
 n - a +1 dagger of venom (weapon)
Missiles
 f - 6 poisoned darts
Armour
 a - a +0 robe (worn)
 c - a +0 buckler (worn)
 e - a +0 cloak (worn)
 j - a +2 pair of gloves (worn)
Jewellery
 h - a ring of protection from cold (left hand)
Wands
 k - a wand of charming (10)
Scrolls
 g - a scroll of magic mapping
 i - 3 scrolls of enchant armour
 l - a scroll of teleportation
Potions
 b - 3 potions of magic
 d - a potion of degeneration


   Skills:
 * Level 3.6 Fighting
 - Level 1.5 Dodging
 - Level 5.0 Stealth
 * Level 5.2 Spellcasting
 - Level 0.7 Transmutations
 * Level 6.0 Poison Magic


You had 5 spell levels left.
You knew the following spells:

 Your Spells              Type           Power      Damage    Failure   Level
a - Sting                 Tmut/Pois      60%        1d6       4%          1
b - Poisonous Vapours     Pois/Air       28%        N/A       9%          2
c - Mephitic Cloud        Conj/Pois/Air  11%        N/A       26%         3
d - Olgreb's Toxic Radia  Pois           25%        N/A       16%         4
e - Blink                 Tloc           8%         N/A       28%         2

Your spell library contained the following spells:

 Spells                   Type           Power      Damage    Failure   Level
 Frozen Ramparts          Ice            8%         1d8       50%         3
 Gell's Gravitas          Tloc           4%         N/A       50%         3
 Inner Flame              Hex/Fire       4%         N/A       50%         3
 Lesser Beckoning         Tloc           4%         N/A       50%         3
 Teleport Other           Tloc           4%         N/A       50%         3
 Ice Form                 Ice/Tmut       5%         N/A       85%         4
 Cause Fear               Hex            2%         N/A       88%         4
 Summon Ice Beast         Ice/Summ       4%         N/A       88%         4
 Manifold Assault         Tloc           4%         N/A       99%         5
 Storm Form               Tmut/Air       2%         N/A       100%        7
 Discord                  Hex            2%         N/A       100%        8


Dungeon Overview and Level Annotations

Branches:
Dungeon (5/15)
 Temple: D:4-7

Altars:
Gozag
Yredelemnul


Innate Abilities, Weirdness & Mutations

You are immune to sickness and miasma.
Your stone body is resilient. (AC +5)
You are immune to poison.
You resist negative energy. (rN+)
You are resistant to electric shocks. (rElec)
You are resistant to unholy torment.
You are immune to petrification.


Message History

The water moccasin barely misses you.
Casting: Mephitic Cloud (dangerous; 26% risk of failure)
Confirm with . or Enter, or press ? or * to list all spells.
The spell is quite dangerous to miscast (16% risk of failure)!
Continue anyway?
You begin to radiate toxic energy.
The orc is poisoned.
The water moccasin bites you but does no damage.
The orc hits you but does no damage.
An ufetubus comes into view.
The water moccasin bites you.
Unknown command.
You barely miss the orc.
The orc is heavily wounded.
The ufetubus is poisoned.
The orc looks even sicker.
Your toxic aura wanes.
You kill the orc!
The water moccasin closely misses you.
You hit the water moccasin but do no damage.
The water moccasin is poisoned.
The water moccasin is lightly wounded.
The water moccasin barely misses you.
You completely miss the water moccasin.
The water moccasin is lightly wounded.
The water moccasin bites you! x2
* * * LOW HITPOINT WARNING * * *
The water moccasin attacks as you move away!
The water moccasin bites you.
* * * LOW HITPOINT WARNING * * *
There is an escape hatch in the ceiling here.
As you read the scroll of teleportation, it crumbles to dust.
You feel strangely unstable. The water moccasin barely misses you.
The water moccasin misses you.
Aiming: Charm
Press: ? - help, Shift-Dir - straight line, f - water moccasin
Aim: a water moccasin (moderately wounded, very poisoned, chance to affect: 49%)
The water moccasin resists with some effort.
The ufetubus looks more healthy.
The ufetubus closely misses you. The ufetubus hits you.
* * * LOW HITPOINT WARNING * * *
The water moccasin closely misses you. The ufetubus hits you.
You die...

... #.........#
#.........#########
........ #.......#
.......##.......#
...........S@..#
########
#..####...)5...#
#......#
###.##...........#
#..<...#
#...).)#>........#
#......#
#..####..#####.###
#......# .....
#>.## #.).#
#......# ####. #.##
###.## ##<.....# ..
#.# #.)###.....###
.o #.#
###).#..###.#


You could see a water moccasin (very poisoned) and an ufetubus.

Vanquished Creatures
  Menkaure (D:4)
  A centaur (D:4)
  2 phantoms (D:4)
  2 necrophages (D:4)
  2 scorpions (D:5)
  3 orc priests
  2 orc wizards (D:5)
  3 gnolls (D:3)
  5 adders
  2 ufetubi
  A worm (D:2)
  2 dart slugs
  17 orcs
  4 ball pythons
  7 endoplasms
  A giant cockroach (D:2)
  4 goblins
  8 hobgoblins
  4 jackals (D:1)
  7 kobolds
  3 quokkas
  12 bats
  3 frilled lizards
  6 rats
102 creatures vanquished.

Vanquished Creatures (collateral kills)
  A bullfrog (D:4)
1 creature vanquished.

Vanquished Creatures (others)
  A withered plant (D:5)
1 creature vanquished.

Grand Total: 104 creatures vanquished

Notes
Turn   | Place    | Note
-------+----------+-------------------------------------------
     0 | D:1      | greasedhog the Gargoyle Venom Mage began the quest for the
                  | Orb.
     0 | D:1      | Reached XP level 1. HP: 10/10 MP: 3/3
   309 | D:1      | Reached XP level 2. HP: 11/15 MP: 0/5
  1166 | D:1      | Reached XP level 3. HP: 11/19 MP: 0/6
  2656 | D:2      | Reached XP level 4. HP: 20/24 MP: 4/8
  3327 | D:3      | Reached XP level 5. HP: 19/28 MP: 0/9
  3479 | D:3      | Reached skill level 4 in Poison Magic
  3684 | D:3      | HP: 1/28 [gnoll/+0 flail (7)]
  4027 | D:3      | Found an opulent altar of Gozag.
  4125 | D:3      | Found a faded altar of an unknown god.
  4150 | D:3      | Learned a level 2 spell: Poisonous Vapours
  4154 | D:3      | Learned a level 3 spell: Mephitic Cloud
  4159 | D:3      | Learned a level 4 spell: Olgreb's Toxic Radiance
  4328 | D:4      | Reached XP level 6. HP: 22/32 MP: 11/11
  4965 | D:4      | Reached skill level 5 in Stealth
  5623 | D:4      | Reached skill level 1 in Fighting
  5623 | D:4      | Reached skill level 5 in Poison Magic
  5623 | D:4      | Reached XP level 7. HP: 19/38 MP: 13/13
  6112 | D:4      | Learned a level 2 spell: Blink
  6268 | D:4      | Noticed Menkaure
  6336 | D:4      | Killed Menkaure
  6718 | D:5      | Entered Level 5 of the Dungeon
  6782 | D:5      | Reached skill level 5 in Spellcasting
  6782 | D:5      | Reached XP level 8. HP: 44/46 MP: 10/15
  6833 | D:5      | Found a basalt altar of Yredelemnul.
  6872 | D:5      | Reached skill level 6 in Poison Magic
  6917 | D:5      | Slain by an ufetubus

Illustrated notes

Levels and vault maps discovered:
D:1:      reono_arrival_forest_river, layout_loops_corners,
          grunt_decor_arrowhead
D:2:      layout_loops_ring
D:3:      wad_crossroads, layout_basic, grunt_gozag_statues,
          ebering_ecumenical_altar_mist
D:4:      layout_basic, minmay_misc_feat_pillars, kennysheep_another_room,
          uniq_menkaure
D:5:      layout_rooms, yredelemnul_altar_generic, doesnt_xom_only_xom,
          uniq_edmund

Skill      XL: |  1  2  3  4  5  6  7  8 |
---------------+-------------------------+-----
Stealth        | 3 4 5 |  5.0
Spellcasting   | 3 4 5 |  5.2
Poison Magic   | 4 5 6 |  6.0
Fighting       | 1 3 |  3.6
Dodging        | |  1.5
Transmutations | |  0.7

Action                   |  1- 3 |  4- 6 |  7- 9 || total
-------------------------+-------+-------+-------++-------
Melee: Unarmed           |    28 |       |       ||    28
       Club              |    24 |     2 |       ||    26
       Dagger            |       |   259 |    97 ||   356
 Cast: Sting             |    76 |    60 |     9 ||   145
       Poisonous Vapours |       |     5 |     7 ||    12
       Mephitic Cloud    |       |       |     1 ||     1
       Olgreb's Toxic Ra |       |       |     1 ||     1
Evoke: Wand              |       |       |     2 ||     2
  Use: Scroll            |     4 |     5 |     2 ||    11
       Potion            |       |     5 |     2 ||     7
 Stab: Sleeping          |     1 |     1 |       ||     2
Armor: Robe              |    37 |    80 |    37 ||   154
       Skin              |       |       |     6 ||     6
Dodge: Dodged            |    63 |    95 |    44 ||   202
Block: Buckler           |       |    10 |    12 ||    22

Table legend: (Time is in decaauts)
 A = Elapsed time spent in this place.
 B = Non-inter-level travel time spent in this place.
 C = Inter-level travel time spent in this place.
 D = Time resting spent in this place.
 E = Time spent auto-exploring this place.
 F = Levels seen in this place.
 G = Mean time per level.
                   A        B        C        D        E       F      G
               +--------+--------+--------+--------+--------+-----+--------+
         Total |   6812 |   6639 |    173 |    876 |   4703 |   5 | 1362.4 |
       Dungeon |   6812 |   6639 |    173 |    876 |   4703 |   5 | 1362.4 |
               +--------+--------+--------+--------+--------+-----+--------+

Top non-repeatable levels by time:
     D:4: 2346 daAuts
     D:1: 1799 daAuts
     D:3: 1393 daAuts
     D:2: 1072 daAuts
     D:5: 200 daAuts
